 Dungeon Crawl Stone Soup version 0.21-a0-59-g7b0e191 (webtiles) character file.

28046 xgamer67 the Basher (level 13, -8/101 HPs)
             Began as a Human Gladiator on June 16, 2017.
             Was a Believer of Fedhas.
             Killed from afar by a lindwurm (13 damage)
             ... with a blast of flame
             ... on level 5 of the Lair of Beasts.
             The game lasted 01:08:29 (17079 turns).

xgamer67 the Basher (Human Gladiator)              Turns: 17079, Time: 01:08:30

Health: -8/101     AC: 24    Str: 19    XL:     13   Next: 70%
Magic:  18/18      EV: 17    Int:  9    God:    Fedhas [**....]
Gold:   950        SH:  0    Dex: 15    Spells: 12/12 levels left

rFire    . . .     SeeInvis .   a - +3 flail (freeze)
rCold    . . .     Gourm    .   (no shield)
rNeg     . . .     Faith    .   I - +0 plate armour
rPois    .         Spirit   .   c - +1 helmet
rElec    .         Reflect  .   V - +0 cloak
rCorr    .         Harm     .   u - +1 pair of gloves
MR       .....                  q - +2 pair of boots
Stlth    ..........             K - amulet of regeneration
HPRegen  0.66/turn              Y - +3 ring of evasion
MPRegen  0.16/turn              N - +3 ring of evasion

@: lethally poisoned (-8 -> -9), berserk cooldown, slowed, very slow
A: no striking features
a: Fungal Bloom, Evolution, Sunlight, Renounce Religion


You were on level 5 of the Lair of Beasts.
You worshipped Fedhas.
Fedhas was pleased with you.
You were not hungry.

You visited 2 branches of the dungeon, and saw 17 of its levels.
You also visited: Ossuary.

You collected 992 gold pieces.
You spent 42 gold pieces at shops.

Inventory:

Hand Weapons
 a - a +3 flail of freezing (weapon)
 A - a +4 dire flail
Missiles
 d - 3 throwing nets (quivered)
 h - 4 tomahawks of dispersal
 x - 8 javelins
Armour
 c - a +1 helmet (worn)
 l - +0 gold dragon scales
 q - a +2 pair of boots (worn)
 u - a +1 pair of gloves (worn)
 I - a +0 plate armour (worn)
 V - a +0 cloak (worn)
Jewellery
 g - an uncursed ring of fire
 j - an uncursed ring of see invisible
 p - an uncursed ring of positive energy
 F - a +3 amulet of reflection {unknown}
 J - an uncursed ring of flight
 K - an amulet of regeneration (around neck)
 N - a +3 ring of evasion (right hand)
 Y - a +3 ring of evasion (left hand)
Wands
 k - a wand of lightning (3/15)
 C - a wand of lightning (1/15)
 Q - a wand of acid (3/15)
 S - a wand of disintegration (12/24)
 T - a wand of disintegration (6/24)
 W - a wand of flame (4/48)
 Z - a wand of polymorph (17/24)
Scrolls
 o - 6 scrolls of magic mapping
 t - a scroll of fog
 y - 5 scrolls of teleportation
 z - a scroll of summoning
 D - 3 scrolls of remove curse
 E - a scroll of recharging
 U - 2 scrolls of holy word
Potions
 b - a potion of berserk rage
 m - 7 potions of heal wounds
 s - 5 potions of haste
 v - 9 potions of curing
 w - 3 potions of invisibility
 B - 3 potions of might
 G - a potion of resistance
 L - 4 potions of lignification
 M - 4 potions of flight
 O - a potion of agility
 P - 2 potions of cancellation
Miscellaneous
 e - a fan of gales
 X - a lightning rod (4/4)
Comestibles
 f - 13 bread rations
 n - 11 meat rations
 r - 8 royal jellies
 H - 12 fruits {!e}


   Skills:
 + Level 9.6 Fighting
 - Level 14.0 Maces & Flails
 - Level 2.0 Throwing
 + Level 9.7 Armour
 + Level 9.6 Dodging
 - Level 7.0 Invocations


You had 12 spell levels left.
You didn't know any spells.

Dungeon Overview and Level Annotations

Branches:
Dungeon (12/15)            Temple (0/1) D:5            Lair (5/6) D:9
  Swamp (0/4) Lair:2        Snake (0/4) Lair:4          Orc (0/2) D:10
  Slime: Lair:5-6

Altars:
Elyvilon
Fedhas
Makhleb
Nemelex Xobeh
Uskayaw
Zin

Shops:
D:4 *:!   D:6 }*   D:8 *


Message History

The five-headed hydra roars!
A killer bee comes into view.
You feel sick.
A lindwurm comes into view.
You feel your anger subside.
You are no longer berserk.
You are exhausted.
You feel yourself slow down.
You feel sick.
You feel sick. The killer bee misses you. The killer bee closely misses you.
Found 11 stones.
As you read the scroll of fear, it crumbles to dust.
You assume a fearsome visage.
The five-headed hydra looks frightened!
The killer bee looks frightened!
The hippogriff looks frightened!
You feel sick.
You feel sick.
A killer bee comes into view.
You feel sick. The lindwurm breathes flames at you.
The blast of flame hits you!
You die...
Fedhas appreciates your contribution to the ecosystem.

.!... .#......#.
#...........#.#....###
#...........#.#f....#.
###..(... .....#..##.yH)
#.......# #(.#.#...f.#f
#P......#####.#.#......#
#........#...#k#....#.
##..<.....#..#D#÷#.....
#.....@......y#†#.#..f.
#....##.).#....#.#.#.#.
#.... #..........###P#.#
#.....##........y.#.#.#.
#P#........##..........#
# #...##.k##y:..........
#.........†...........
#......?.............
.....................


You could see a lindwurm and a killer bee (wandering).

Vanquished Creatures
  A hydra (Lair:1)
  A death yak (Lair:4)
  2 unseen horrors (D:11)
  2 manticores
  An elephant (Lair:5)
  Maurice (D:11)
  Joseph (D:10)
  A torpor snail (Lair:4)
  2 spiny frogs
  A black mamba (Lair:4)
  4 rime drakes
  5 komodo dragons
  A meliai (Lair:5)
  A queen bee (Lair:5)
  A hornet (D:11)
  A tyrant leech (Lair:2)
  8 blink frogs
  A hippogriff (D:9)
  2 wandering mushrooms (D:11)
  A shadow (D:11)
  4 wyverns
  25 yaks
  Eustachio (D:5)
  2 hungry ghosts
  4 basilisks
  Edmund (D:6)
  5 water moccasins
  4 porcupines
  A black bear (D:9)
  3 orc warriors
  A necrophage (D:11)
  A phantom (D:12)
  A sky beast (D:7)
  10 wolves
  2 ice beasts
  An ogre (D:6)
  5 centaurs
  2 big kobolds
  6 crocodiles
  A wyvern zombie (D:7)
  14 bullfrogs
  An elf skeleton (Ossuary)
  4 scorpions
  22 killer bees
  13 wights
  4 howler monkeys
  5 crimson imps
  A human zombie (Ossuary)
  2 jellies
  4 orc priests
  3 centaur skeletons
  7 hounds
  7 orc wizards
  2 bullfrog skeletons
  An iguana (D:9)
  9 worker ants
  A human skeleton (Ossuary)
  A big kobold skeleton (Ossuary)
  3 hound skeletons
  4 mummies
  A howler monkey skeleton (D:9)
  5 gnolls
  6 adders
  3 river rats (D:6)
  4 shadow imps
  2 oozes
  4 adder skeletons
  An adder zombie (Ossuary)
  2 worms
  A dart slug (D:1)
  6 leopard geckos
  42 orcs
  4 bats
  3 giant cockroaches
  A gnoll zombie (Ossuary)
  10 goblins
  8 hobgoblins
  5 jackals
  17 kobolds
  5 quokkas
  2 frilled lizards
  3 gnoll skeletons (Ossuary)
  2 goblin skeletons (Ossuary)
  A goblin zombie (Ossuary)
  4 hobgoblin skeletons (Ossuary)
  A hobgoblin zombie (Ossuary)
  A jackal skeleton (Ossuary)
  A jackal zombie (Ossuary)
  A kobold skeleton (Ossuary)
  4 kobold zombies (Ossuary)
  A leopard gecko skeleton (D:4)
  An orc skeleton (Ossuary)
  3 quokka skeletons (Ossuary)
  2 quokka zombies (Ossuary)
  15 rats
  A rat skeleton (Ossuary)
  A rat zombie (Ossuary)
400 creatures vanquished.

Vanquished Creatures (collateral kills)
  A hydra (Lair:4)
  A two-headed ogre (D:10)
  The ghost of Armakuni the Carver, a novice HuGl of Gozag (D:8)
  An ugly thing (D:12)
  A guardian serpent (Lair:4)
  A cyclops (D:12)
  2 spiny frogs
  2 trolls
  2 meliai (Lair:5)
  6 blink frogs
  3 yaks (D:11)
  Sigmund (D:5)
  A wyvern (Lair:5)
  Menkaure (D:4)
  A water moccasin (Lair:4)
  An orc warrior (D:6)
  An ice beast (D:6)
  2 black bears
  A phantom (D:10)
  2 ogres
  A centaur (D:12)
  A crocodile (Lair:5)
  A bullfrog (D:6)
  16 killer bees
  2 crimson imps
  A jelly (D:6)
  4 orc wizards
  3 orc priests
  A shadow imp (D:6)
  10 orcs
  A quokka (D:10)
  A frilled lizard (D:4)
  A jackal zombie (D:7)
75 creatures vanquished.

Vanquished Creatures (others)
  2 oklob plants (Lair:5)
  2 hippogriffs (Lair:5)
  30 wandering mushrooms
  A porcupine (Lair:5)
  A necrophage (D:11)
  A crocodile (Lair:5)
  A bullfrog (Lair:5)
  A worker ant zombie (D:10)
  An orc (D:7)
  4 plants
  252 toadstools
296 creatures vanquished.

Grand Total: 771 creatures vanquished

Notes
Turn   | Place    | Note
-------+----------+-------------------------------------------
     0 | D:1      | xgamer67 the Human Gladiator began the quest for the Orb.
     0 | D:1      | Reached XP level 1. HP: 16/16 MP: 1/1
   102 | D:1      | Reached XP level 2. HP: 11/22 MP: 2/2
   392 | D:1      | Reached skill level 4 in Maces & Flails
   392 | D:1      | Reached XP level 3. HP: 27/27 MP: 3/3
  1102 | D:2      | Found a faded altar of an unknown god.
  1406 | D:2      | Reached XP level 4. HP: 33/33 MP: 4/4
  1820 | D:3      | Reached skill level 5 in Maces & Flails
  1942 | D:3      | Found a blossoming altar of Fedhas.
  1950 | D:3      | Became a worshipper of Fedhas Madash
  2195 | D:3      | Reached XP level 5. HP: 38/38 MP: 5/5
  2623 | D:4      | Noticed an ogre
  2728 | D:4      | Found Jarch's Book Boutique.
  2729 | D:4      | Found Oqestelu's General Store.
  2732 | D:4      | Found Kigufo's Distillery.
  2744 | D:4      | Reached skill level 6 in Maces & Flails
  2944 | D:4      | Found a sand-covered staircase.
  2949 | D:4      | Reached XP level 6. HP: 44/44 MP: 6/6
  2954 | Ossuary  | Entered an ossuary
  3045 | Ossuary  | Reached * piety under Fedhas
  3299 | Ossuary  | Reached ** piety under Fedhas
  3351 | Ossuary  | Reached skill level 7 in Maces & Flails
  3531 | Ossuary  | Reached XP level 7. HP: 31/50 MP: 7/7
  3805 | D:4      | Found a white marble altar of Elyvilon.
  3821 | D:4      | Found a burning altar of Makhleb.
  3867 | D:4      | Noticed Menkaure
  3886 | D:5      | Entered Level 5 of the Dungeon
  4071 | D:5      | Reached skill level 8 in Maces & Flails
  4170 | D:5      | Found a staircase to the Ecumenical Temple.
  4688 | D:5      | Noticed Sigmund
  4688 | D:5      | Noticed Eustachio
  4704 | D:5      | Killed Sigmund
  4704 | D:5      | Reached skill level 9 in Maces & Flails
  4704 | D:5      | Reached XP level 8. HP: 56/56 MP: 8/8
  4729 | D:5      | Killed Eustachio
  5141 | D:6      | Found Linaimi's Hallowed Reliquary.
  5141 | D:6      | Found a glowing silver altar of Zin.
  5155 | D:6      | Reached skill level 10 in Maces & Flails
  5180 | D:6      | Noticed an angel
  5208 | D:6      | Reached skill level 1 in Armour
  5285 | D:6      | Noticed Edmund
  5299 | D:6      | Killed Edmund
  5299 | D:6      | Reached XP level 9. HP: 43/61 MP: 9/9
  5719 | D:6      | Found Ebit's Gadget Shoppe.
  5757 | D:6      | Reached skill level 5 in Armour
  6879 | D:7      | Found a hide-covered altar of Uskayaw.
  6904 | D:7      | Reached skill level 5 in Dodging
  6980 | D:7      | Reached skill level 5 in Fighting
  7185 | D:7      | Reached XP level 10. HP: 76/76 MP: 10/10
  7533 | D:4      | Killed Menkaure
  8249 | D:8      | Found Simai's Changing Room.
  8252 | D:8      | Noticed Armakuni's ghost (novice HuGl)
  8279 | D:8      | Killed Armakuni's ghost
  8279 | D:8      | Reached skill level 11 in Maces & Flails
  8371 | D:8      | Bought a potion of lignification for 42 gold pieces
  9059 | D:9      | Found a staircase to the Lair.
  9107 | D:9      | Found a sparkling altar of Nemelex Xobeh.
  9545 | D:10     | Entered Level 10 of the Dungeon
  9654 | D:10     | Reached skill level 12 in Maces & Flails
  9654 | D:10     | Reached XP level 11. HP: 38/86 MP: 11/11
  9740 | D:10     | Found a staircase to the Orcish Mines.
  9795 | D:10     | Noticed a two-headed ogre
  9808 | D:10     | Killed a two-headed ogre
 10114 | D:10     | Noticed Joseph
 10129 | D:10     | Killed Joseph
 10129 | D:10     | Reached skill level 13 in Maces & Flails
 10273 | D:10     | Reached *** piety under Fedhas
 10713 | D:11     | Killed an unseen horror
 10754 | D:11     | Paralysed by a hornet for 1 turns
 10919 | D:11     | Noticed a manticore
 10943 | D:11     | Killed a manticore
 11147 | D:11     | Killed an unseen horror
 11147 | D:11     | Reached skill level 14 in Maces & Flails
 11171 | D:11     | Noticed Maurice
 11201 | D:11     | Killed Maurice
 11201 | D:11     | Reached skill level 1 in Invocations
 12263 | D:12     | Noticed a cyclops
 12287 | D:12     | Killed a cyclops
 12287 | D:12     | Reached skill level 5 in Invocations
 12377 | D:12     | Reached XP level 12. HP: 84/92 MP: 14/16
 13185 | Lair:1   | Entered Level 1 of the Lair of Beasts
 13342 | Lair:1   | Noticed a seven-headed hydra
 13356 | Lair:1   | Killed a seven-headed hydra
 14242 | Lair:2   | Found a staircase to the Swamp.
 15168 | Lair:3   | Reached XP level 13. HP: 96/98 MP: 18/18
 15569 | Lair:4   | Found a staircase to the Snake Pit.
 15889 | Lair:4   | Noticed a five-headed hydra
 15895 | Lair:4   | Killed a five-headed hydra
 17016 | Lair:5   | Noticed a five-headed hydra
 17077 | Lair:5   | HP: 5/101 [poisoned by a queen bee]
 17079 | Lair:5   | Killed from afar by a lindwurm

Vault maps used:
D:1:      dpeg_arrival_ratfight, minmay_hexomino_f4
D:2:      chequers_ecumenical_altar_island
D:3:      fedhas_altar_2
D:4:      minitemple, gup_ossuary_entry_pyramid, serial_shops, shop_statue,
          nicolae_shop_competitors_out_of_business, shop, uniq_menkaure
D:5:      minmay_temple_entry_trees, first_bread, uniq_sigmund, uniq_eustachio
D:6:      gup_sewer_entry_bubbles, serial_shops, shop_fountains,
          nicolae_good_shop, uniq_edmund
D:7:      eat_drink_and_be_merry_uskayaw
D:8:      corexii_checkpoint_b, nicolae_transmutations_shop
D:9:      kennysheep_mini, lair_entry_dummy
D:10:     orc_0_dummy, uniq_joseph
D:11:     uniq_maurice
Lair:1:   serial_bayou_shore_b
Lair:2:   minmay_swamp_entry_worms
Lair:3:   st_stairs_11
Lair:4:   minmay_snake_entry_spellcaster
Lair:5:   hangedman_what_comes_after_a, serial_bayou_shore_a, lemuel_fruit_tree,
          minmay_lair_oklob_chamber, uniq_kirke
Ossuary:  minmay_ossuary_two_tombs

Skill      XL: |  1  2  3  4  5  6  7  8  9 10 11 12 13 |
---------------+----------------------------------------+-----
Maces & Flails | 4 5 6 7 9 10 12 14 | 14.0
Armour         | 3 5 8 9 |  9.7
Fighting       | 6 8 9 |  9.6
Dodging        | 5 8 9 |  9.6
Invocations    | 5 7 |  7.0
Throwing       | |  2.0

Action                   |  1- 3 |  4- 6 |  7- 9 | 10-12 | 13-15 || total
-------------------------+-------+-------+-------+-------+-------++-------
Melee: Flail             |   107 |   255 |   349 |   870 |   330 ||  1911
Throw: Tomahawk          |       |     4 |     3 |     5 |       ||    12
Invok: Fungal Bloom      |       |    15 |    17 |    49 |    13 ||    94
       Evolution         |       |       |     8 |    18 |     8 ||    34
  Use: Scroll            |       |    10 |     8 |    15 |     3 ||    36
       Potion            |       |       |       |       |     1 ||     1
 Stab: Confused          |       |       |     2 |     8 |     4 ||    14
       Distracted        |       |       |       |     3 |     1 ||     4
  Eat: Chunk             |     2 |     4 |    13 |    24 |     7 ||    50
       Royal jelly       |       |     1 |       |     2 |       ||     3
Armor: Ring mail         |    20 |    25 |       |       |       ||    45
       Chain mail        |       |    69 |   193 |    60 |       ||   322
       Plate armour      |       |       |       |   358 |   117 ||   475
Dodge: Dodged            |    60 |    91 |   131 |   491 |   285 ||  1058
